 Dungeon Crawl Stone Soup version 0.30-a0-1163-gf69bf04e7a (console) character file.

Game seed: 7032110912795587660

705 Ignak the Ogre Mage (level 7, 0/67 HPs)
             Began as an Ogre Hedge Wizard on Apr 28, 2023.
             Slain by an ice beast (13 damage)
             ... on level 6 of the Dungeon.
             The game lasted 00:14:43 (6390 turns).

Ignak the Ogre Mage (Ogre Hedge Wizard)             Turns: 6390, Time: 00:14:45

Health: 0/67       AC:  3    Str: 15    XL:     7   Next: 67%
Magic:  8/14       EV: 10    Int: 17    God:
Gold:   25         SH:  0    Dex:  8    Spells: 3/15 levels left

rFire   . . .        a - +2 morningstar (flame)
rCold   . . .        (no shield)
rNeg    . . .        d - +0 robe
rPois   .            w - +0 hat
rElec   .            (no cloak)
rCorr   .            (gloves unavailable)
SInv    .            (boots unavailable)
Will    .....        j - amulet of the acrobat
Stlth   +            (no ring)
HPRegen 0.31/turn    (no ring)
MPRegen 0.14/turn

%: acrobat
@: on blink cooldown
A: large, unfitting armour, tough skin 1
a: no special abilities


You were on level 6 of the Dungeon.
You visited 1 branch of the dungeon, and saw 6 of its levels.

You collected 231 gold pieces.
You spent 206 gold pieces at shops.

Inventory:

Hand Weapons
 a - a +2 morningstar of flaming (weapon)
 b - the +0 dagger of the Shifting Madman {venom, *Noise rCorr SInv Stlth+}
   (You found it on level 2 of the Dungeon)

   SInv:      It lets you see invisible.
   *Noise:    It may make noises in combat.
   rCorr:     It protects you from acid and corrosion.
   Stlth:     It makes you more stealthy.
 c - a +0 spear of venom
Armour
 d - a +0 robe (worn)
 w - a +0 hat (worn)
Magical Staves
 e - a staff of death
 t - a staff of fire
Jewellery
 i - a ring of ice
 j - an amulet of the acrobat (around neck)
 v - a ring of protection from cold
Scrolls
 f - 2 scrolls of immolation {unknown}
 g - 2 scrolls of enchant armour {unknown}
 h - 3 scrolls of teleportation
 o - 2 scrolls of brand weapon {unknown}
 p - a scroll of silence {unknown}
 q - 2 scrolls of fear
 r - 2 scrolls of blinking
 s - a scroll of poison
Potions
 k - 3 potions of curing
 l - a potion of degeneration {unknown}
 m - a potion of ambrosia {unknown}
 n - a potion of heal wounds {unknown}
 u - 2 potions of attraction {unknown}
 x - a potion of mutation {unknown}


   Skills:
 + Level 3.0 Fighting
 * Level 2.3 Maces & Flails
 + Level 2.8 Dodging
 - Level 1.5 Stealth
 + Level 4.7 Spellcasting
 * Level 3.0 Conjurations
 - Level 1.0 Summonings
 + Level 2.4 Translocations
 * Level 1.7 Fire Magic
 + Level 1.8 Air Magic
 + Level 1.9 Poison Magic


You had 3 spell levels left.
You knew the following spells:

 Your Spells              Type           Power      Damage    Failure   Level
a - Magic Dart            Conj           56%        1d5       4%          1
b - Blink                 Tloc           24%        N/A       8%          2
c - Sticky Flame          Conj/Fire      12%        2d4       47%         4
d - Mephitic Cloud        Conj/Pois/Air  11%        N/A       17%         3
e - Call Imp              Summ           14%        N/A       14%         2

Your spell library contained the following spells:

 Spells                   Type           Power      Damage    Failure   Level
 Static Discharge         Conj/Air       24%        2-3/arc   9%          2
 Summon Small Mammal      Summ           28%        N/A       10%         1
 Cigotuvi's Dreadful Rot  Necr/Pois/Air  16%        N/A       13%         2
 Slow                     Hex            16%        N/A       14%         1
 Ignite Poison            Fire/Tmut/Pois 8%         N/A       26%         3
 Call Canine Familiar     Summ           7%         N/A       28%         3
 Summon Guardian Golem    Hex/Summ       5%         N/A       34%         3
 Airstrike                Air            5%         2d(1-17)  56%         4
 Summon Lightning Spire   Summ/Air       8%         N/A       63%         4
 Ignition                 Fire           5%         3d4       100%        8


Dungeon Overview and Level Annotations

Branches:
Dungeon (6/15)
 Temple: D:4-7

Altars:
Ashenzari
Fedhas
Gozag
Qazlal

Shops:
D:1 *![?(


Innate Abilities, Weirdness & Mutations

You are too large for most types of armour.
You have tough skin. (AC +1)


Message History

Your magical contamination has completely faded away.
Your cerulean imp hits the jelly but does no damage.
The acid corrodes your cerulean imp!
Your cerulean imp is burned by acid!
Your cerulean imp hits the jelly with a -4 spear.
Your cerulean imp is burned by acid!
Your cerulean imp hits the jelly with a -4 spear.
Your cerulean imp seems to be corroded for longer.
Your cerulean imp is burned by acid!
There is a stone staircase leading down here.
Your cerulean imp hits the jelly but does no damage.
You climb downwards.
You hear the sound of rushing water.
There is an entrance to a sewer on this level.
Hurry and find it before the portal rusts away!
Found a dagger, 9 gold pieces and a blue potion.
There is a stone staircase leading up here.
Okay, then.
You closely miss the ice beast. The ice beast hits you.
The ice beast freezes you!
You hit the ice beast.
You melt the ice beast.
The ice beast is moderately wounded.
The ice beast barely misses you.
You closely miss the ice beast.
The ice beast is moderately wounded.
The ice beast hits you. The ice beast freezes you! The ice beast hits you.
The ice beast freezes you!
* * * LOW HITPOINT WARNING * * *
Casting: Call Imp (safe; 14% risk of failure)
Confirm with . or Enter, or press ? or * to list all spells.
You blink.
Okay, then.
The ice beast attacks as you move away! The ice beast misses you.
You are no longer corroded.
Casting: Blink (safe; 8% risk of failure)
Confirm with . or Enter, or press ? or * to list all spells.
A tiny devil pulls itself out of the air.
The ice beast hits you.
* * * LOW HITPOINT WARNING * * *
The ice beast freezes you!
You die...

... ### # ##.. ..
. ... .# #.
###.##.#
.##.##.....$#
............######
#..........)...#
##...Y<..####.#
#..@....#
#5##.##.# .. ..#
.# .!. .... .. ###
.######.. #. ... .
..~


You could see an ice beast (ally target) and a friendly cerulean imp (summoned).

Vanquished Creatures
  An ice beast (D:4)
  A phantom (D:4)
  A kobold brigand (D:4)
  A scorpion (D:4)
  A hound (D:4)
  2 jellies (D:4)
  4 iguanas
  2 orc wizards (D:5)
  4 gnolls (D:4)
  2 adders
  An ufetubus (D:5)
  2 worms
  2 dart slugs
  2 orcs
  7 bats
  5 endoplasms
  4 giant cockroaches (D:1)
  6 goblins
  2 hobgoblins
  7 jackals
  7 kobolds
  2 quokkas (D:1)
  6 ball pythons
  7 rats
79 creatures vanquished.

Vanquished Creatures (collateral kills)
  An iguana (D:1)
  A hobgoblin (D:4)
2 creatures vanquished.

Grand Total: 81 creatures vanquished

Notes
Turn   | Place    | Note
-------+----------+-------------------------------------------
     0 | D:1      | Ignak the Ogre Hedge Wizard began the quest for the Orb.
     0 | D:1      | Reached XP level 1. HP: 16/16 MP: 5/5
    37 | D:1      | Reached skill level 1 in Conjurations
    41 | D:1      | Reached skill level 1 in Summonings
    41 | D:1      | Reached skill level 1 in Translocations
   134 | D:1      | Reached XP level 2. HP: 20/24 MP: 6/6
   232 | D:1      | Learned a level 2 spell: Blink
   235 | D:1      | Learned a level 2 spell: Call Imp
   620 | D:1      | Found Rooxuz's Weapon Shop.
   622 | D:1      | Found Itoqones's Magic Scroll Boutique.
   640 | D:1      | Reached XP level 3. HP: 17/32 MP: 5/8
   648 | D:1      | Learned a level 3 spell: Mephitic Cloud
   748 | D:1      | Found Puich's Distillery.
   901 | D:1      | Found Ilary Gapn's Armour Emporium.
   986 | D:1      | Found Jufyfipp's General Store.
  1376 | D:1      | Reached skill level 1 in Fighting
  1376 | D:1      | Reached skill level 4 in Spellcasting
  1376 | D:1      | Reached XP level 4. HP: 21/41 MP: 6/10
  1495 | D:2      | Identified the +0 dagger of the Shifting Madman {venom,
                  | *Noise rCorr SInv Stlth+}
  2005 | D:2      | Found a faded altar of an unknown god.
  2441 | D:3      | Found a blossoming altar of Fedhas.
  2603 | D:3      | Found a stormy altar of Qazlal.
  2942 | D:1      | Bought a +1 morningstar of flaming for 156 gold pieces
  3552 | D:4      | Found an opulent altar of Gozag.
  3609 | D:4      | Reached skill level 1 in Maces & Flails
  3609 | D:4      | Reached XP level 5. HP: 48/48 MP: 6/11
  3622 | D:4      | Noticed a kobold brigand
  3633 | D:4      | Reached skill level 1 in Poison Magic
  3634 | D:4      | Killed a kobold brigand
  3635 | D:4      | Reached skill level 1 in Air Magic
  3780 | D:4      | Reached XP level 6. HP: 45/57 MP: 12/12
  3876 | D:4      | Found a broken altar of Ashenzari.
  5342 | D:1      | Bought a scroll of teleportation for 30 gold pieces
  5342 | D:1      | Bought a scroll of identify for 20 gold pieces
  5451 | D:5      | Entered Level 5 of the Dungeon
  5462 | D:5      | Noticed an ice beast
  5561 | D:4      | Reached skill level 1 in Fire Magic
  5576 | D:4      | Learned a level 4 spell: Sticky Flame
  5648 | D:4      | Killed an ice beast
  5649 | D:4      | Reached XP level 7. HP: 66/66 MP: 13/13
  6390 | D:6      | Slain by an ice beast

Illustrated notes

Levels and vault maps discovered:
D:1:      dpeg_arrival_central, layout_basic, serial_shops,
          nicolae_shop_industrial_runoff, shop, shop, shop,
          nicolae_shop_waterfront
D:2:      layout_rooms, serial_rivers, chequers_serial_rivers_small_b,
          chequers_serial_rivers_micro_c, chequers_serial_rivers_room_b,
          chequers_serial_rivers_large_a, basic_ecumenical_altar,
          dk_noncrumbling_4, nicolae_elevator_lobby_plus
D:3:      layout_loops_corners, mainiacjoe_overflow_chevrons, fedhas_altar_4
D:4:      layout_basic, kennysheep_mini_moat, ashenzari_conservatory_becter
D:5:      layout_loops_ring, uniq_menkaure
D:6:      layout_loops_ring, lemuel_mausoleum_altar_yredelemnul,
          mainiacjoe_overflow_six_doors_small, temple_fountains,
          lightli_sewer_entry_pipes, uniq_pikel, uniq_blork_the_orc,
          uniq_crazy_yiuf_cottage

Skill      XL: |  1  2  3  4  5  6  7 |
---------------+----------------------+-----
Conjurations   | 1 2 3 |  3.0
Summonings     | 1 |  1.0
Translocations | 1 2 |  2.4
Dodging        | 2 |  2.8
Fighting       | 1 2 3 |  3.0
Spellcasting   | 4 |  4.7
Maces & Flails | 1 2 |  2.3
Poison Magic   | 1 |  1.9
Air Magic      | 1 |  1.8
Fire Magic     | 1 |  1.7
Stealth        | |  1.5

Action                     |  1- 3 |  4- 6 |  7- 9 || total
---------------------------+-------+-------+-------++-------
  Melee: Mace              |   102 |    91 |       ||   193
         Morningstar       |       |   108 |    51 ||   159
         Punch             |       |     5 |     1 ||     6
   Cast: Magic Dart        |     8 |    10 |       ||    18
         Call Imp          |     3 |     6 |     6 ||    15
         Blink             |     3 |     3 |     3 ||     9
         Mephitic Cloud    |     1 |     9 |     2 ||    12
    Use: Potion            |     1 |     1 |     1 ||     3
         Scroll            |       |     6 |       ||     6
   Stab: Sleeping          |     3 |     4 |       ||     7
         Confused          |       |     1 |       ||     1
         Distracted        |       |     1 |       ||     1
 Armour: Robe              |    47 |    76 |    16 ||   139
  Dodge: Dodged            |    71 |   151 |    38 ||   260

Table legend: (Time is in decaauts)
 A = Elapsed time spent in this place.
 B = Non-inter-level travel time spent in this place.
 C = Inter-level travel time spent in this place.
 D = Time resting spent in this place.
 E = Time spent auto-exploring this place.
 F = Levels seen in this place.
 G = Mean time per level.
                   A        B        C        D        E       F      G
               +--------+--------+--------+--------+--------+-----+--------+
         Total |   6545 |   5947 |    598 |   1325 |   2870 |   6 | 1090.8 |
       Dungeon |   6545 |   5947 |    598 |   1325 |   2870 |   6 | 1090.8 |
               +--------+--------+--------+--------+--------+-----+--------+

Top non-repeatable levels by time:
     D:4: 2060 daAuts
     D:1: 1636 daAuts
     D:3: 1284 daAuts
     D:2: 1029 daAuts
     D:5: 526 daAuts
     D:6: 8 daAuts
